 Dungeon Crawl Stone Soup version 0.31.0-9-g3a7656b989 (webtiles) character file.

Game seed: 11465745997995338848

5805 DroneSA the Cleaver (level 10, -2/89 (90) HPs)
             Began as a Hill Orc Fighter on Jan 27, 2024.
             Was an Elder of Beogh.
             Killed from afar by an electric eel (6 damage)
             ... with a bolt of electricity
             ... on level 10 of the Dungeon.
             The game lasted 00:29:44 (8906 turns).

DroneSA the Cleaver (Hill Orc Fighter)              Turns: 8906, Time: 00:29:44

HP:   -2/89 (90)    AC: 25    Str: 24    XL:     10   Next: 79%
MP:   10/10         EV: 10    Int:  8    God:    Beogh [****..]
Gold: 605           SH: 14    Dex: 10    Spells: 9/9 levels left

rFire   . . .        E - +2 hand axe (flame)
rCold   + . .        i - +0 kite shield
rNeg    . . .        k - +7 Kryia's mail coat {PotionHeal*2 rC+}
rPois   .            s - +2 helmet
rElec   .            v - +2 cloak
rCorr   .            (no gloves)
SInv    .            z - +2 pair of boots
Will    .....        G - amulet of reflection Stlth
                     (no ring)
HPRegen 0.34/turn    (no ring)
MPRegen 0.12/turn

%: reflection
@: lightly drained, very slow
A: no striking features
a: Renounce Religion, Smiting, Recall Orcish Followers


You were on level 10 of the Dungeon.
You worshipped Beogh.
Beogh was greatly pleased with you.
You visited 1 branch of the dungeon, and saw 10 of its levels.

You collected 605 gold pieces.

Inventory:

Hand Weapons
 E - a +2 hand axe of flaming (weapon)
Armour
 i - a +0 kite shield (worn)
 j - an orb of light
 k - the +7 Kryia's mail coat (worn) {PotionHeal*2 rC+}
   (You found it on level 2 of the Dungeon)

   PotionHeal*2: Potions heal its wearer twice as much.
   rC+:       It protects you from cold.
 m - a +2 robe of resistance
 s - a +2 helmet (worn)
 v - a +2 cloak (worn)
 z - a +2 pair of boots (worn)
Jewellery
 G - an amulet of reflection (around neck)
Scrolls
 b - 2 scrolls of blinking {unknown}
 c - 3 scrolls of amnesia
 e - 3 scrolls of vulnerability
 h - a scroll of torment {unknown}
 l - 3 scrolls of fear {unknown}
 n - a scroll of silence {unknown}
 t - a scroll of fog {unknown}
 u - a scroll of immolation {unknown}
 y - 3 scrolls of teleportation
 A - 2 scrolls of enchant weapon {unknown}
 C - 2 scrolls of brand weapon {unknown}
 D - 2 scrolls of poison {unknown}
 F - a scroll of acquirement {unknown}
Potions
 a - a potion of magic {unknown}
 d - a potion of might
 f - a potion of brilliance
 g - a potion of resistance {unknown}
 o - 3 potions of cancellation
 p - 2 potions of lignification
 q - a potion of degeneration
 r - 2 potions of berserk rage
 w - a potion of curing
 x - 3 potions of ambrosia
 B - a potion of heal wounds {unknown}


   Skills:
 + Level 8.4 Fighting
 + Level 13.0 Axes
 + Level 8.3 Armour
 + Level 4.1 Dodging
 + Level 1.1 Stealth
 + Level 7.4 Shields


You had 9 spell levels left.
You didn't know any spells.
Your spell library contained the following spells:

 Spells                   Type           Power      Damage    Failure   Level
 Ensorcelled Hibernation  Hex/Ice        0%         N/A       95%         2
 Mercury Vapours          Alch/Air       0%         N/A       95%         2
 Call Canine Familiar     Summ           0%         N/A       99%         3
 Hailstorm                Conj/Ice       0%         3d5       99%         3
 Mephitic Cloud           Conj/Alch/Air  0%         N/A       99%         3
 Passwall                 Erth           0%         N/A       99%         3
 Sigil of Binding         Hex            0%         N/A       99%         3
 Summon Ice Beast         Ice/Summ       0%         N/A       99%         3
 Swiftness                Air            0%         N/A       99%         3
 Dimensional Bullseye     Hex/Tloc       0%         N/A       100%        4
 Freezing Cloud           Conj/Ice/Air   0%         6-21      100%        5
 Sculpt Simulacrum        Ice/Alch       0%         N/A       100%        6


Dungeon Overview and Level Annotations

Branches:
Dungeon (10/15)            Temple (0/1) D:5             Orc (0/2) D:9
   Lair: D:8-11

Altars:
Elyvilon
Makhleb
Qazlal
Ru
Trog
Xom
Yredelemnul
Zin
The Shining One

Shops:
D:7 =


Message History

The wight hits Harm with a +2 spear.
Your unstable footing causes you to fumble your attack.
The wight splashes around in the water. x2
The electric eel shoots out a bolt of lightning at you!
The bolt of electricity hits you!
* * * LOW HITPOINT WARNING * * *
The bolt of electricity hits you but does no damage.
Harm closely misses the wight.
The wight splashes around in the water.
The wight hits Harm with a +2 spear.
Harm dies!
You hear a splash.
Your unstable footing causes you to fumble your attack.
The wight splashes around in the water. x2
The electric eel shoots out a bolt of lightning at you!
The bolt of electricity hits you.
* * * LOW HITPOINT WARNING * * *
The bolt of electricity hits you.
* * * LOW HITPOINT WARNING * * *
The wight splashes around in the water.
The +7 Kryia's mail coat enhances the healing.
You feel better. You block the wight's attack. The wight barely misses you.
You block the wight's attack.
The electric eel shoots out a bolt of lightning at you!
The bolt of electricity hits you!
* * * LOW HITPOINT WARNING * * *
The bolt of electricity hits you!
* * * LOW HITPOINT WARNING * * *
The wight misses you.
Your unstable footing causes you to fumble your attack.
The wight splashes around in the water.
You closely miss the electric eel.
The electric eel is severely wounded.
You hit the wight but do no damage. You barely miss the wight.
You hit the wight but do no damage. The wight closely misses you.
The wight splashes around in the water.
The electric eel shoots out a bolt of lightning at you!
The bolt of electricity hits you!
* * * LOW HITPOINT WARNING * * *
The bolt of electricity hits you.
You die...

#+###+#~~~#.# ~~. ..
.~#.....#~~~#.# ~~~~~##.#
(~#.≈≈≈.#~~~#.#
~~~~~~#.###.~#.....#~~~..#
~~~~~~~.#~~..+.._.%'....##
~~~~~~~.~~~~##.....#~~###
~~~~~~~~~~~~~#.≈≈≈.#~##
~~~~~~~~~~~zzz~~~#.....###
#~~~~~~~~~~)z@~~~#+###'####
#~~~~~~~~~~S~~~~# #....#
#~~~~~~~#.~~~~## ####.#
.~~~~~ #.#~~## #.# #~~~#
#.#### #.## #.##~.###.######
.#####..###
#...........................
#.###.###.[.............#.#.
#(###~~######.#######.##


You could see an electric eel and 4 wights.

Vanquished Creatures
  An unseen horror (D:10)
  A komodo dragon (D:10)
  A troll (D:9)
  Prince Ribbit (D:8)
  Sigmund (D:3)
  2 shadows (D:10)
  A wraith (D:9)
  7 yaks (D:9)
  2 steam dragons
  2 ice beasts (D:6)
  3 orc warriors
  A black bear (D:5)
  2 ogres
  A centaur (D:8)
  2 phantoms
  A bullfrog (D:7)
  A kobold brigand (D:9)
  A scorpion (D:5)
  A wight (D:10)
  3 electric eels (D:10)
  A howler monkey (D:10)
  A bombardier beetle (D:6)
  A jelly (D:5)
  10 orc priests
  Crazy Yiuf (D:3)
  A gnoll bouda (D:9)
  A sleepcap (D:5)
  Natasha (thrice) (D:2)
  2 iguanas
  14 orc wizards
  A hound zombie (D:4)
  A hound skeleton (D:4)
  Robin (D:3)
  9 gnolls
  7 adders
  A white imp (D:5)
  2 ufetubi (D:5)
  2 adder skeletons (D:4)
  2 adder zombies (D:4)
  A dart slug (D:3)
  2 ribbon worms
  34 orcs
  3 ball pythons
  6 endoplasms
  4 giant cockroaches (D:1)
  9 goblins
  13 hobgoblins
  3 jackals (D:3)
  16 kobolds
  4 quokkas
  A bat (D:2)
  3 frilled lizards
  5 rats
200 creatures vanquished.

Vanquished Creatures (collateral kills)
  4 yaks (D:9)
  A centaur (D:9)
  2 kobold brigands (D:9)
  3 orcs (D:9)
  5 kobolds (D:9)
15 creatures vanquished.

Vanquished Creatures (others)
  3 orc warriors (D:10)
  An orc priest (D:9)
  An orc wizard (D:9)
  9 orcs
14 creatures vanquished.

Grand Total: 229 creatures vanquished

Notes
Turn   | Place    | Note
-------+----------+-------------------------------------------
     0 | D:1      | DroneSA the Hill Orc Fighter began the quest for the Orb.
     0 | D:1      | Reached XP level 1. HP: 19/19 MP: 1/1
   153 | D:1      | Found a faded altar of an unknown god.
   168 | D:1      | Prayed at the altar of an unknown god.
   168 | D:1      | Became a worshipper of Elyvilon the Healer
   168 | D:1      | Reached * piety under Elyvilon
   278 | D:1      | Reached XP level 2. HP: 25/27 MP: 2/2
   434 | D:1      | Reached ** piety under Elyvilon
   729 | D:1      | Reached skill level 3 in Axes
   729 | D:1      | Reached XP level 3. HP: 17/33 MP: 3/3
  1056 | D:2      | Noticed Natasha
  1066 | D:2      | Killed Natasha
  1077 | D:2      | Noticed Natasha
  1081 | D:2      | Reached XP level 4. HP: 32/40 MP: 4/4
  1087 | D:2      | Killed Natasha
  1148 | D:2      | Noticed Natasha
  1155 | D:2      | Killed Natasha
  1156 | D:2      | Reached skill level 4 in Axes
  1208 | D:2      | Found the +7 Kryia's mail coat {PotionHeal*2 rC+}
  1294 | D:2      | Found a bloodstained altar of Trog.
  1505 | D:2      | Reached XP level 5. HP: 46/46 MP: 5/5
  1603 | D:2      | Reached *** piety under Elyvilon
  2024 | D:3      | Fell from the grace of Elyvilon
  2024 | D:3      | Became a worshipper of Beogh the Brigand
  2026 | D:3      | Noticed Sigmund
  2047 | D:3      | Killed Sigmund
  2048 | D:3      | Reached skill level 5 in Axes
  2048 | D:3      | Reached skill level 1 in Dodging
  2048 | D:3      | Reached XP level 6. HP: 51/53 MP: 6/6
  2290 | D:3      | Noticed Robin
  2312 | D:3      | Was forgiven by Elyvilon
  2317 | D:3      | Killed Robin
  2318 | D:3      | Reached skill level 6 in Axes
  2409 | D:3      | Found a basalt altar of Yredelemnul.
  2409 | D:3      | Found a shimmering altar of Xom.
  2417 | D:3      | Found a bloodstained altar of Trog.
  2419 | D:3      | Found a faded altar of an unknown god.
  2421 | D:3      | Found a faded altar of an unknown god.
  2495 | D:3      | Found a glowing golden altar of the Shining One.
  2597 | D:3      | Found a runed translucent door.
  2598 | D:3      | Noticed Crazy Yiuf
  2641 | D:3      | Reached * piety under Beogh
  2990 | D:3      | Killed Crazy Yiuf
  2991 | D:3      | Reached skill level 5 in Armour
  2991 | D:3      | Reached XP level 7. HP: 22/60 MP: 7/7
  3792 | D:4      | Reached skill level 7 in Axes
  3828 | D:4      | Reached skill level 5 in Fighting
  4166 | D:5      | Entered Level 5 of the Dungeon
  4232 | D:5      | Found a sacrificial altar of Ru.
  4328 | D:5      | Found a staircase to the Ecumenical Temple.
  4503 | D:5      | Reached XP level 8. HP: 64/69 MP: 8/8
  4619 | D:5      | Reached skill level 8 in Axes
  5177 | D:6      | Reached skill level 9 in Axes
  5214 | D:6      | Reached ** piety under Beogh
  5526 | D:6      | Reached skill level 5 in Shields
  6030 | D:7      | Reached XP level 9. HP: 77/77 MP: 9/9
  6202 | D:7      | Found Muokhon's Jewellery Shoppe.
  6537 | D:8      | Found a burning altar of Makhleb.
  6577 | D:8      | Reached skill level 10 in Axes
  6602 | D:8      | Noticed Prince Ribbit
  6671 | D:8      | Killed Prince Ribbit
  7360 | D:9      | Reached skill level 11 in Axes
  7415 | D:9      | Reached *** piety under Beogh
  7457 | D:9      | Found a staircase to the Orcish Mines.
  7581 | D:9      | Reached XP level 10. HP: 47/88 MP: 10/10
  7586 | D:9      | Reached skill level 12 in Axes
  7798 | D:9      | Found a glowing silver altar of Zin.
  7822 | D:9      | Identified the +1 dagger of Giahyew {elec, rF+}
  7962 | D:9      | Reached skill level 1 in Stealth
  7975 | D:9      | Reached **** piety under Beogh
  8376 | D:10     | Entered Level 10 of the Dungeon
  8512 | D:10     | Killed an unseen horror
  8541 | D:10     | Found a stormy altar of Qazlal.
  8812 | D:10     | Identified the +7 quarterstaff of Agony {freeze, Dex+3}
  8839 | D:10     | Reached skill level 13 in Axes
  8884 | D:10     | Gained Harm as an ally
  8902 | D:10     | Your ally Harm died
  8906 | D:10     | HP: 4/89 [electric eel/bolt of electricity (8)]
  8906 | D:10     | Killed from afar by an electric eel

Illustrated notes

Levels and vault maps discovered:
D:1:      lightli_arrival_farm, layout_basic,
          shapermc_ecumenical_altar_totnotflames
D:2:      layout_loops_ring, basic_altar, serial_forest,
          infiniplex_forest_clump_small, infiniplex_forest_end_2,
          infiniplex_forest_clump_curved, infiniplex_forest_corner_1,
          infiniplex_forest_straight_5, infiniplex_forest_lined_corner,
          infiniplex_forest_lined_2, uniq_natasha
D:3:      layout_loops_ring, mainiacjoe_overflow_paths,
          chequers_temple_overflow_minitemple, grunt_ministairs_3, minivault_4,
          minmay_strange_pillars, uniq_robin, uniq_sigmund,
          uniq_crazy_yiuf_cottage
D:4:      layout_loops_corners, mainiacjoe_ossuary_entry_find_the_door,
          minmay_misc_feat_doors, minmay_bisected
D:5:      layout_basic, mainiacjoe_overflow_cross_hatched,
          minmay_temple_entry_statues_pillars
D:6:      layout_loops_ring
D:7:      layout_basic, serial_shops, shop
D:8:      layout_basic, mainiacjoe_overflow_alcove_4, uniq_prince_ribbit1
D:9:      layout_roguey, mainiacjoe_overflow_surrounded_room, hiddenorc2_lemuel
D:10:     layout_basic, mainiacjoe_overflow_six_doors_small

Skill      XL: |  1  2  3  4  5  6  7  8  9 10 |
---------------+-------------------------------+-----
Axes           | 3 4 5 6 7 9 11 13 | 13.0
Fighting       | 4 5 6 7 8 |  8.4
Armour         | 4 5 6 7 8 |  8.3
Dodging        | 1 2 3 4 |  4.1
Shields        | 4 5 6 7 |  7.4
Stealth        | 1 |  1.1

Action                     |  1- 3 |  4- 6 |  7- 9 | 10-12 || total
---------------------------+-------+-------+-------+-------++-------
  Melee: War axe           |    81 |   145 |   300 |       ||   526
         Hand axe          |       |       |   114 |   150 ||   264
 Invoke: Convert to Beogh  |       |     1 |       |       ||     1
    Use: Scroll            |       |       |    10 |       ||    10
         Potion            |       |       |     2 |     2 ||     4
   Stab: Distracted        |       |       |       |     1 ||     1
 Armour: Scale mail        |    62 |   120 |   325 |   161 ||   668
  Dodge: Dodged            |    34 |    51 |   159 |    39 ||   283
  Block: Buckler           |    17 |       |       |       ||    17
         Kite shield       |       |    54 |   159 |    60 ||   273
